 Dungeon Crawl Stone Soup version 0.25.0-9-g26727b657a (webtiles) character file.

Game seed: 8022231286238199351

14 Esekla the Grasshopper (level 2, 0/16 HPs)
             Began as a Deep Elf Warper on June 21, 2020.
             Slain by a bat (1 damage)
             ... on level 1 of the Dungeon.
             The game lasted 00:04:40 (1531 turns).

Esekla the Grasshopper (Deep Elf Warper)            Turns: 1531, Time: 00:04:41

Health: 0/16       AC:  0    Str:  8    XL:     2   Next: 31%
Magic:  6/8        EV: 13    Int: 17    God:
Gold:   9          SH:  0    Dex: 14    Spells: 3/7 levels left

rFire    . . .     SeeInvis .   a - +0 falchion
rCold    . . .     Gourm    .   (no shield)
rNeg     . . .     Faith    .   (no armour)
rPois    .         Spirit   .   (no helmet)
rElec    .         Reflect  .   (no cloak)
rCorr    .         Harm     .   (no gloves)
MR       .....                  (no boots)
Stlth    +.........             (no amulet)
HPRegen  0.05/turn              (no ring)
MPRegen  0.11/turn              (no ring)

@: shrouded
A: no striking features
a: no special abilities


You were on level 1 of the Dungeon.
You were not hungry.

You visited 1 branch of the dungeon, and saw 2 of its levels.

You collected 9 gold pieces.

Inventory:

Hand Weapons
 a - a +0 falchion (weapon)
 b - a +0 spear
Missiles
 e - 5 boomerangs of dispersal (quivered)
Scrolls
 c - a scroll of enchant weapon {unknown}
 d - 2 scrolls of blinking
 g - a scroll of magic mapping {unknown}
Potions
 h - a potion of brilliance {unknown}
Comestibles
 f - a ration


   Skills:
 - Level 1.5 Fighting
 * Level 2.1 Long Blades
 + Level 1.0 Throwing
 - Level 0.7 Armour
 * Level 3.2 Dodging
 - Level 3.0 Spellcasting
 + Level 3.3 Translocations


You had 3 spell levels left.
You knew the following spells:

 Your Spells              Type           Power        Failure   Level  Hunger
a - Shroud of Golubria    Chrm/Tloc      #.....       13%         2    ##.....
b - Blink                 Tloc           N/A          7%          2    ##.....

Your spell library contained the following spells:

 Spells                   Type           Power        Failure   Level  Hunger
 Gell's Gravitas          Tloc           ##........   13%         3    ###....
 Lesser Beckoning         Tloc           ##........   13%         3    ###....
 Teleport Other           Tloc           ##......     13%         3    ###....
 Passage of Golubria      Tloc           N/A          41%         4    ####...


Dungeon Overview and Level Annotations

Branches:
Dungeon (2/15)

Altars:

Annotations:
D:2 Terence


Message History

Space distorts slightly along a thin shroud covering your body.
You hit the hobgoblin.
You kill the hobgoblin!
The ball python misses you. x2
You barely miss the ball python. The ball python misses you.
You riposte.
You hit the ball python.
The ball python is heavily wounded.
The ball python barely misses you.
You hit the ball python.
You kill the ball python!
The bat hits you.
* * * LOW HITPOINT WARNING * * *
The bat hits you.
* * * LOW HITPOINT WARNING * * *
You closely miss the bat. The bat misses you.
You riposte.
You closely miss the bat. You closely miss the bat. The bat hits you.
* * * LOW HITPOINT WARNING * * *
The bat hits you.
You die...

#...### . #...##. ..
####...##. ...
######......... ..>.
.............. .....
#............. ......###
............. ......).###
...........#.
(....##b@.##........#..#.
... ###...###...#.#.##. .
###.......+.#.##.
###.....##..##.
#.#...#รท.###. #.#...)^##
#. #.#...### #. #.#####
#. #.# #.


You could see a bat.

Vanquished Creatures
  A goblin (D:1)
  3 hobgoblins (D:1)
  2 kobolds (D:1)
  2 ball pythons (D:1)
  2 bats (D:1)
  3 frilled lizards (D:1)
  A rat (D:1)
14 creatures vanquished.

Notes
Turn   | Place    | Note
-------+----------+-------------------------------------------
     0 | D:1      | Esekla the Deep Elf Warper began the quest for the Orb.
     0 | D:1      | Reached XP level 1. HP: 12/12 MP: 6/6
   723 | D:2      | Noticed Terence
   801 | D:1      | Reached XP level 2. HP: 1/16 MP: 8/8
   806 | D:1      | Learned a level 2 spell: Shroud of Golubria
   809 | D:1      | Learned a level 2 spell: Blink
  1531 | D:1      | Slain by a bat

Illustrated notes

Levels and vault maps discovered:
D:1:      dpeg_arrival_concentric_ovals, layout_basic
D:2:      layout_rooms, nicolae_overflow_hidden_temple, uniq_robin,
          uniq_terence, uniq_jessica

Skill      XL: |  1 |
---------------+----+-----
Long Blades    | 2 |  2.1
Dodging        | 3 |  3.2
Fighting       | |  1.5
Throwing       | |  1.0
Armour         | |  0.7
Spellcasting   | |  3.0
Translocations | |  3.3

Action                   || total
-------------------------++-------
Melee: Falchion          ||    56
 Cast: Shroud of Golubri ||     1
  Eat: Chunk             ||     2
Dodge: Dodged            ||    43
       Rpst.: Falchion   ||    10
